 Dungeon Crawl Stone Soup version 0.23.2-1-ga50397a (webtiles) character file.

Game seed: 17425166476502445271

1345 cab the Geomancer (level 8, -1/45 HPs)
             Began as a Gargoyle Earth Elementalist on May 30, 2019.
             Slain by a hound (5 damage)
             ... on level 5 of the Dungeon.
             The game lasted 00:19:27 (6818 turns).

cab the Geomancer (Gargoyle Earth Elementalist)     Turns: 6818, Time: 00:19:28

Health: -1/45      AC:  7    Str: 11    XL:     8   Next: 62%
Magic:  11/12      EV: 12    Int: 19    God:
Gold:   288        SH:  0    Dex: 10    Spells: 9/13 levels left

rFire    . . .     SeeInvis .   g - +1 whip (flame)
rCold    . . .     Gourm    .   (no shield)
rNeg     + . .     Faith    .   c - +0 robe
rPois    ∞         Spirit   .   (no helmet)
rElec    +         Reflect  .   (no cloak)
rCorr    .         Harm     .   (no gloves)
MR       .....                  (no boots)
Stlth    ++........             (no amulet)
HPRegen  0.15/turn              (no ring)
MPRegen  0.13/turn              (no ring)

@: no status effects
A: negative energy resistance 1, electricity resistance, unbreathing,
petrification resistance, rot immunity, AC +5
a: no special abilities


You were on level 5 of the Dungeon.
You were very hungry.

You visited 1 branch of the dungeon, and saw 6 of its levels.
You also visited: Sewer.

You collected 288 gold pieces.

Inventory:

Hand Weapons
 a - a +0 mace
 g - a +1 whip of flaming (weapon)
 n - a +0 flail
 z - a +0 dagger
Missiles
 b - 61 stones (quivered)
 x - 50 sling bullets
Armour
 c - a +0 robe (worn)
 q - a +0 leather armour
Jewellery
 w - an uncursed amulet of rage {unknown}
 B - an uncursed ring of magical power {unknown}
 F - an uncursed amulet of rage {unknown}
Scrolls
 e - a scroll of magic mapping {unknown}
 j - a scroll of enchant weapon {unknown}
 m - 3 scrolls of remove curse {unknown}
 p - 4 scrolls of identify {unknown}
 s - a scroll of amnesia {unknown}
 t - a scroll of enchant armour {unknown}
 y - a scroll of immolation {unknown}
 A - 2 scrolls of fear {unknown}
 C - 2 scrolls of teleportation {unknown}
 E - a scroll of fog {unknown}
 G - a scroll of silence {unknown}
Potions
 f - 3 potions of lignification {unknown}
 h - 2 potions of berserk rage {unknown}
 i - 3 potions of degeneration {unknown}
 k - 2 potions of brilliance {unknown}
 l - 4 potions of curing {unknown}
 o - a potion of might {unknown}
 r - 2 potions of ambrosia {unknown}
 u - 2 potions of heal wounds {unknown}
 v - a potion of haste
 D - a potion of flight {unknown}
Comestibles
 d - 8 rations


   Skills:
 + Level 2.6 Fighting
 + Level 2.6 Armour
 - Level 1.5 Dodging
 - Level 2.1 Stealth
 + Level 3.1 Spellcasting
 - Level 6.1 Conjurations
   Level 0.7 Transmutations
 + Level 9.2 Earth Magic


You had 9 spell levels left.
You knew the following spells:

 Your Spells              Type           Power        Failure   Level  Hunger
a - Sandblast             Erth           #####.       1%          1    None
b - Stone Arrow           Conj/Erth      ####..       1%          3    ###....

Your spell library contained the following spells:

 Spells                   Type           Power        Failure   Level  Hunger
 Passwall                 Tmut/Erth      ###.....     3%          2    ##.....
 Lee's Rapid Deconstruct  Erth           #####.....   10%         5    ######.
 Petrify                  Tmut/Erth      ###.....     21%         4    ####...


Dungeon Overview and Level Annotations

Branches:
Dungeon (6/15)
 Temple: D:4-7

Altars:

Shops:
D:4 ?


Innate Abilities, Weirdness & Mutations

You are resistant to torment.
Your stone body is resilient. (AC +5)
You are immune to poison.
You resist negative energy. (rN+)
You are resistant to electric shocks. (rElec)
You can survive without breathing.
You are immune to petrification.
You are immune to rotting.


Message History

The blast of sand misses the hound.
b - 61 stones The hound closely misses you.
The iguana barely misses you. The hound bites you.
You hit the hound. You burn the hound.
The hound is severely wounded.
The hound barely misses you. The iguana misses you.
You hit the hound but do no damage.
The hound is severely wounded.
The hound misses you. The iguana bites you!
* * * LOW HITPOINT WARNING * * *
The hound barely misses you.
You barely miss the hound.
The hound is severely wounded.
The hound bites you.
* * * LOW HITPOINT WARNING * * *
The iguana bites you.
* * * LOW HITPOINT WARNING * * *
The hound bites you.
You die...

........#
....#... .
...#... ..
#....##
..[#.....# ##
.........####..#
.......>.......#
................
#......†@†......
###....lh..?....
##............
#.............
.............#.
..............#
............###
.............


You could see an iguana and a hound.

Vanquished Creatures
  An ice beast (D:6)
  4 ogres (D:6)
  A centaur (D:6)
  5 big kobolds (Sewer)
  A bullfrog (D:6)
  A jelly (D:6)
  An orc wizard (D:4)
  2 hounds
  Terence (D:3)
  3 worker ants
  5 adders
  2 river rats (Sewer)
  4 oozes
  3 worms (Sewer)
  3 dart slugs
  7 leopard geckos
  14 orcs
  5 ball pythons (Sewer)
  4 giant cockroaches
  7 goblins
  6 hobgoblins
  4 jackals
  10 kobolds
  5 quokkas
  3 bats (D:3)
  4 frilled lizards
  18 rats
124 creatures vanquished.

Vanquished Creatures (others)
  3 toadstools (D:1)
3 creatures vanquished.

Grand Total: 127 creatures vanquished

Notes
Turn   | Place    | Note
-------+----------+-------------------------------------------
     0 | D:1      | cab the Gargoyle Earth Elementalist began the quest for the
                  | Orb.
     0 | D:1      | Reached XP level 1. HP: 10/10 MP: 3/3
   313 | D:1      | Reached skill level 4 in Earth Magic
   616 | D:1      | Reached XP level 2. HP: 15/15 MP: 5/5
  1219 | D:2      | Reached XP level 3. HP: 15/19 MP: 4/6
  1246 | D:2      | Reached skill level 5 in Earth Magic
  1260 | D:2      | Learned a level 3 spell: Stone Arrow
  1614 | D:2      | Reached skill level 1 in Conjurations
  2147 | D:3      | Reached XP level 4. HP: 21/24 MP: 4/7
  2645 | D:3      | Noticed Terence
  2654 | D:3      | Killed Terence
  2956 | D:3      | Reached XP level 5. HP: 25/28 MP: 4/8
  3281 | D:4      | Reached skill level 6 in Earth Magic
  3675 | D:4      | Reached XP level 6. HP: 14/32 MP: 6/9
  3929 | D:4      | Found Luecan's Magic Scroll Shop.
  4137 | D:4      | You fall through a shaft for 2 floors!
  4192 | D:6      | Reached skill level 7 in Earth Magic
  4298 | D:6      | Reached skill level 5 in Conjurations
  4298 | D:6      | Reached XP level 7. HP: 36/36 MP: 7/10
  4307 | D:6      | Found a glowing drain.
  4388 | Sewer    | Entered a sewer
  4576 | Sewer    | Reached skill level 8 in Earth Magic
  5057 | Sewer    | Reached XP level 8. HP: 41/41 MP: 6/11
  5328 | Sewer    | Reached skill level 1 in Fighting
  5328 | Sewer    | Reached skill level 1 in Armour
  6293 | D:6      | Reached skill level 9 in Earth Magic
  6793 | D:5      | Entered Level 5 of the Dungeon
  6818 | D:5      | Slain by a hound

Skill      XL: |  1  2  3  4  5  6  7  8 |
---------------+-------------------------+-----
Earth Magic    | 4 5 6 7 8 9 |  9.2
Conjurations   | 1 2 3 5 6 |  6.1
Fighting       | 2 |  2.6
Armour         | 2 |  2.6
Spellcasting   | 3 |  3.1
Dodging        | |  1.5
Stealth        | |  2.1
Transmutations | |  0.7

Action                   |  1- 3 |  4- 6 |  7- 9 || total
-------------------------+-------+-------+-------++-------
Melee: Unarmed           |    10 |       |       ||    10
       Whip              |   105 |    52 |   219 ||   376
       Club              |     4 |       |       ||     4
 Cast: Sandblast         |     5 |    40 |    32 ||    77
       Stone Arrow       |       |     6 |    10 ||    16
 Stab: Distracted        |     1 |       |       ||     1
       Sleeping          |     4 |       |       ||     4
  Eat: Chunk             |     4 |     8 |     9 ||    21
Armor: Robe              |    27 |    27 |    96 ||   150
Dodge: Dodged            |    74 |    44 |   154 ||   272
